Match 47467687
Unlisted

Match 47467687
End
Selects Italian Coastal Battlegroup
Selects Coastal Reserves
Construct Infanterie Kompanie
Coastal Reserve
Grenadier Squad
Grenadier Squad
Construct Panzergrenadier Kompanie
Selects Designate Defensive Line
Panzergrenadier Squad
251 Medium Carrier
Designate Defensive Line
Medical Station
Selects Designated Artillery Overwatch
MG 42 Bunker
Designate Defensive Line
Construct Panzer Kompanie
Selects Artillery Officer
MG 42 Bunker
Pak 40 Anti-tank Gun Team
MG 42 Bunker
Stoßtruppen Squad
Selects Obice da 210/22 Artillery Emplacement
Repair Bunker
Panzer IV Medium Tank
Side Skirts
Panzer Officer Quarters
Selects Call the Reserves!
Panzer IV Medium Tank
Pak 40 Anti-tank Gun Team
Panzer IV Medium Tank
MG 42 Bunker
Panzer IV Medium Tank
Designated Artillery Overwatch
Pioneer Squad
Coastal Reserve
Designated Artillery Overwatch
Pioneer Squad
MG 42 Bunker
Panzer IV Medium Tank
mcstruggle
Unsafe
Dragon__Spirit
belisarius
Dream Migi
Luk
Davidoff
EnemyTrooper
0
0

Comments sign in to comment!

No comments posted yet!